HS
DEER PARK HS FALCONS @ LAKE TRAVIS CAPTAINS
03/10/2060
 
TOP OF THE 1ST
Deer Park HS Falcons batting - Pitching for Lake Travis Captains : RHP Jordon Herzog
Pitching: RHP Jordon Herzog
Batting: RHB Kenny Dimick 0-0: Ball
1-0: Ball
2-0: Called Strike
2-1: Called Strike
2-2: Ball
3-2: Foul Ball, location: 2F
3-2: SINGLE (Line Drive, 89S, EV 105.6 MPH)
Batting: RHB Kellen Brenning 0-0: Called Strike
0-1: Called Strike
0-2: Strikes out looking
Batting: LHB David Hankins 0-0: Foul Ball, location: 2F
0-1: Ball
1-1: Called Strike
1-2: Fly out, F8 (Flyball, 8RD, EV 93.8 MPH)
Batting: RHB Emmett Bei 0-0: Called Strike
0-1: Called Strike
0-2: Ground out 4-3 (Groundball, 4, EV 90.6 MPH)
Top of the 1st over - 0 runs, 1 hit, 0 errors, 1 left on base; Deer Park HS 0 - Lake Travis 0
BOTTOM OF THE 1ST
Lake Travis Captains batting - Pitching for Deer Park HS Falcons : RHP Max Mertus
Pitching: RHP Max Mertus
Batting: LHB Wesley Fernandez 0-0: Ball
1-0: Called Strike
1-1: Foul Ball, location: 2F
1-2: Ground out 4-3 (Groundball, 4, EV 81.2 MPH)
Batting: LHB James Edwards 0-0: Called Strike
0-1: Ball
1-1: Swinging Strike
1-2: Ball
2-2: Ball
3-2: Foul Ball, location: 2F
3-2: Strikes out swinging
Batting: RHB Scott Bolton 0-0: Called Strike
0-1: Called Strike
0-2: Ball
1-2: Strikes out swinging
Bottom of the 1st over - 0 runs, 0 hits, 0 errors, 0 left on base; Deer Park HS 0 - Lake Travis 0
TOP OF THE 2ND
Deer Park HS Falcons batting - Pitching for Lake Travis Captains : RHP Jordon Herzog
Batting: RHB Lucas O'Hearn 0-0: Fly out, F9 (Line Drive, 9S, EV 109.4 MPH)
Batting: RHB Mather Saiki 0-0: Ground out 5-3 (Groundball, 56, EV 91.2 MPH)
Batting: RHB Cody Baker 0-0: Ball
1-0: Ball
2-0: Called Strike
2-1: Foul Ball, location: 2F
2-2: SINGLE (Groundball, 5S, EV 63.8 MPH) (infield hit)
Batting: RHB Corey Palmer 0-0: Ball
1-0: Foul Ball, location: 2F
1-1: Foul Ball, location: 2F
1-2: SINGLE (Groundball, 15S, EV 72.5 MPH) (infield hit)
Cody Baker to second
Batting: RHB Roy Hays 0-0: Ball
1-0: Fielders Choice at 2nd, 5-4 (Groundball, 5, EV 80.6 MPH)
Top of the 2nd over - 0 runs, 2 hits, 0 errors, 2 left on base; Deer Park HS 0 - Lake Travis 0
BOTTOM OF THE 2ND
Lake Travis Captains batting - Pitching for Deer Park HS Falcons : RHP Max Mertus
Batting: LHB Vince Westmoreland 0-0: Foul Ball, location: 2F
0-1: Foul Ball, location: 2F
0-2: Ball
1-2: Strikes out swinging
Batting: RHB Vince Sipe 0-0: Called Strike
0-1: Swinging Strike
0-2: Ball
1-2: Foul Ball, location: 2F
1-2: Foul Ball, location: 2F
1-2: Ball
2-2: Strikes out swinging
Batting: LHB Stephen Small 0-0: Ball
1-0: Foul Ball, location: 2F
1-1: Called Strike
1-2: Strikes out swinging
Bottom of the 2nd over - 0 runs, 0 hits, 0 errors, 0 left on base; Deer Park HS 0 - Lake Travis 0
TOP OF THE 3RD
Deer Park HS Falcons batting - Pitching for Lake Travis Captains : RHP Jordon Herzog
Batting: RHB Kenny Dimick 0-0: Called Strike
0-1: Swinging Strike
0-2: Ball
1-2: TRIPLE (Line Drive, 89XD, EV 104.4 MPH)
Batting: RHB Kellen Brenning 0-0: Swinging Strike
0-1: Swinging Strike
0-2: Ball
1-2: Ball
2-2: Strikes out swinging
Batting: LHB David Hankins 0-0: Called Strike
0-1: Foul Ball, location: 2F
0-2: Ball
1-2: Ball
2-2: Ball
3-2: Foul Ball, location: 2F
3-2: Base on Balls
Batting: RHB Emmett Bei 0-0: Ball
1-0: Called Strike
1-1: Called Strike
1-2: Ball
2-2: Foul Ball, location: 2F
2-2: Fielders Choice at 2nd, 4-6 (Groundball, 4, EV 81.2 MPH)
Kenny Dimick scores
Batting: RHB Lucas O'Hearn 0-0: Foul Ball, location: 2F
0-1: Called Strike
0-2: Ball
1-2: Foul Ball, location: 2F
1-2: Foul Ball, location: 2F
1-2: Foul Ball, location: 2F
1-2: Fielders Choice at 2nd, 6-4 (Groundball, 6, EV 87.5 MPH)
Top of the 3rd over - 1 run, 1 hit, 0 errors, 1 left on base; Deer Park HS 1 - Lake Travis 0
BOTTOM OF THE 3RD
Lake Travis Captains batting - Pitching for Deer Park HS Falcons : RHP Max Mertus
Batting: RHB Delane Vargas 0-0: Ball
1-0: Called Strike
1-1: Foul Ball, location: 2F
1-2: Ball
2-2: Foul Ball, location: 2F
2-2: Strikes out looking
Batting: LHB Brendan Detwiler 0-0: Swinging Strike
0-1: Called Strike
0-2: Ball
1-2: Ball
2-2: Foul Ball, location: 2F
2-2: Foul Ball, location: 2F
2-2: Strikes out swinging
Batting: LHB Quinn Barraza 0-0: Foul Ball, location: 2F
0-1: Foul Ball, location: 2F
0-2: SINGLE (Groundball, 4MD, EV 104.4 MPH)
Batting: LHB Wesley Fernandez 0-0: Ball
1-0: Ground out 4-3 (Groundball, 34, EV 94.4 MPH)
Bottom of the 3rd over - 0 runs, 1 hit, 0 errors, 1 left on base; Deer Park HS 1 - Lake Travis 0
TOP OF THE 4TH
Deer Park HS Falcons batting - Pitching for Lake Travis Captains : RHP Jordon Herzog
Batting: RHB Mather Saiki 0-0: Ball
1-0: Called Strike
1-1: Ball
2-1: SINGLE (Groundball, 6MD, EV 95.0 MPH)
Batting: RHB Cody Baker 0-0: Ball
1-0: Swinging Strike
1-1: Called Strike
1-2: Foul Ball, location: 2F
1-2: Ball
2-2: Strikes out swinging
Batting: RHB Corey Palmer 0-0: Ball
1-0: Ball
2-0: Ball
3-0: Called Strike
3-1: Base on Balls
Mather Saiki to second
Batting: RHB Roy Hays 0-0: Called Strike
0-1: Called Strike
0-2: Ball
1-2: Foul Ball, location: 2F
1-2: Foul Ball, location: 2F
1-2: Strikes out swinging
Pitching: RHP Johnathan Whiteman
Batting: RHB Kenny Dimick 0-0: Ball
1-0: Ball
2-0: Ball
3-0: Called Strike
3-1: Foul Ball, location: 2F
3-2: Strikes out swinging
Top of the 4th over - 0 runs, 1 hit, 0 errors, 2 left on base; Deer Park HS 1 - Lake Travis 0
BOTTOM OF THE 4TH
Lake Travis Captains batting - Pitching for Deer Park HS Falcons : RHP Max Mertus
Batting: LHB James Edwards 0-0: Ball
1-0: Ball
2-0: Ball
3-0: Base on Balls
Batting: RHB Scott Bolton 0-0: Fly out, F7 (Line Drive, 7S, EV 84.4 MPH)
Batting: LHB Vince Westmoreland 0-0: Ball
1-0: Ball
2-0: Ball
3-0: Called Strike
3-1: Base on Balls
James Edwards to second
Batting: RHB Vince Sipe 0-0: Swinging Strike
0-1: Fly out, F7 (Flyball, 7, EV 90.6 MPH)
Batting: LHB Stephen Small 0-0: Ball
1-0: Foul Ball, location: 2F
1-1: Ball
2-1: Ground out 4-3 (Groundball, 4, EV 96.9 MPH)
Bottom of the 4th over - 0 runs, 0 hits, 0 errors, 2 left on base; Deer Park HS 1 - Lake Travis 0
TOP OF THE 5TH
Deer Park HS Falcons batting - Pitching for Lake Travis Captains : RHP Johnathan Whiteman
Batting: RHB Kellen Brenning 0-0: Fly out, F7 (Line Drive, 7S, EV 111.2 MPH)
Batting: LHB David Hankins 0-0: Ball
1-0: Foul Ball, location: 2F
1-1: Ball
2-1: Fly out, F8 (Flyball, 8RD, EV 99.4 MPH)
Batting: RHB Emmett Bei 0-0: Ball
1-0: Called Strike
1-1: Fly out, F9 (Flyball, 89M, EV 88.1 MPH)
Top of the 5th over - 0 runs, 0 hits, 0 errors, 0 left on base; Deer Park HS 1 - Lake Travis 0
BOTTOM OF THE 5TH
Lake Travis Captains batting - Pitching for Deer Park HS Falcons : RHP Max Mertus
Batting: RHB Delane Vargas 0-0: Ball
1-0: Ground out 5-3 (Groundball, 56, EV 90.0 MPH)
Batting: LHB Brendan Detwiler 0-0: Ball
1-0: Ball
2-0: Called Strike
2-1: Called Strike
2-2: Strikes out swinging
Batting: LHB Quinn Barraza 0-0: Swinging Strike
0-1: Foul Ball, location: 2F
0-2: Ball
1-2: Ball
2-2: Strikes out swinging
Bottom of the 5th over - 0 runs, 0 hits, 0 errors, 0 left on base; Deer Park HS 1 - Lake Travis 0
TOP OF THE 6TH
Deer Park HS Falcons batting - Pitching for Lake Travis Captains : RHP Johnathan Whiteman
Batting: RHB Lucas O'Hearn 0-0: Called Strike
0-1: Foul Ball, location: 2F
0-2: Ball
1-2: Ground out 4-3 (Groundball, 4, EV 90.6 MPH)
Batting: RHB Mather Saiki 0-0: Swinging Strike
0-1: Ball
1-1: Ball
2-1: Ball
3-1: Base on Balls
Batting: RHB Cody Baker 0-0: Ball
1-0: SINGLE (Popup, 3D, EV 58.1 MPH)
Mather Saiki to second
Batting: RHB Corey Palmer 0-0: Called Strike
0-1: Ball
1-1: Ball
2-1: SINGLE (Groundball, 3, EV 83.8 MPH) (infield hit)
Mather Saiki to third
Cody Baker to second
Batting: RHB Roy Hays 0-0: Foul Ball, location: 2F
0-1: Foul Ball, location: 2F
0-2: Strikes out swinging
Batting: RHB Kenny Dimick 0-0: Ball
1-0: Called Strike
1-1: Ball
2-1: SINGLE (Line Drive, 7S, EV 93.1 MPH)
Mather Saiki scores
Cody Baker to third
Corey Palmer to second
Runner from 3rd tries for Home, SAFE, throw by LF to home
Batting: RHB Kellen Brenning 0-0: Ball
1-0: Foul Ball, location: 2F
1-1: Ball
2-1: Foul Ball, location: 2F
2-2: Ball
3-2: Foul Ball, location: 2F
3-2: Fly out, F8 (Line Drive, 8RM, EV 88.1 MPH)
Top of the 6th over - 2 runs, 3 hits, 0 errors, 2 left on base; Deer Park HS 3 - Lake Travis 0
BOTTOM OF THE 6TH
Lake Travis Captains batting - Pitching for Deer Park HS Falcons : RHP Max Mertus
Pitching: RHP Brendan Honey
Batting: LHB Wesley Fernandez 0-0: Ball
1-0: Ground out 5-3 (Groundball, 5, EV 92.5 MPH)
Batting: LHB James Edwards 0-0: Ball
1-0: Ball
2-0: Ball
3-0: Called Strike
3-1: SINGLE (Line Drive, 8LS, EV 100.0 MPH)
Batting: RHB Scott Bolton 0-0: Grounds into double play, 6-4-3 (Groundball, 6, EV 86.9 MPH)
Bottom of the 6th over - 0 runs, 1 hit, 0 errors, 0 left on base; Deer Park HS 3 - Lake Travis 0
TOP OF THE 7TH
Deer Park HS Falcons batting - Pitching for Lake Travis Captains : RHP Johnathan Whiteman
Batting: LHB David Hankins 0-0: Ball
1-0: Ball
2-0: Foul Ball, location: 2F
2-1: DOUBLE (Line Drive, 78M, EV 113.1 MPH)
Batting: RHB Emmett Bei 0-0: Ground out U3 (Groundball, 34, EV 85.6 MPH)
David Hankins to third
Batting: RHB Lucas O'Hearn 0-0: Called Strike
0-1: Fly out, F8 (Line Drive, 8LM, EV 94.4 MPH)
Pitching: RHP Reid Kidwell
Batting: RHB Mather Saiki 0-0: Called Strike
0-1: Fly out, F9 (Flyball, 9D, EV 85.6 MPH)
Top of the 7th over - 0 runs, 1 hit, 0 errors, 1 left on base; Deer Park HS 3 - Lake Travis 0
BOTTOM OF THE 7TH
Lake Travis Captains batting - Pitching for Deer Park HS Falcons : RHP Brendan Honey
Batting: LHB Vince Westmoreland 0-0: Ball
1-0: Swinging Strike
1-1: Fly out, F8 (Flyball, 8LM, EV 95.6 MPH)
Batting: RHB Vince Sipe 0-0: Ball
1-0: Ball
2-0: Ball
3-0: Called Strike
3-1: Called Strike
3-2: Base on Balls
Batting: LHB Stephen Small 0-0: Ball
1-0: Ball
2-0: Ball
3-0: Called Strike
3-1: Fly out, F9 (Flyball, 89S, EV 77.5 MPH)
Batting: RHB Delane Vargas 0-0: Ball
1-0: Swinging Strike
1-1: Ball
2-1: Ball
3-1: SINGLE (Groundball, 34D, EV 96.9 MPH)
Vince Sipe to second
Runner from 2nd tries for 3rd, SAFE, throw by RF made to third
Batting: LHB Brendan Detwiler 0-0: Ball
1-0: Fly out, F7 (Flyball, 7S, EV 73.1 MPH)
Bottom of the 7th over - 0 runs, 1 hit, 0 errors, 2 left on base; Deer Park HS 3 - Lake Travis 0
TOP OF THE 8TH
Deer Park HS Falcons batting - Pitching for Lake Travis Captains : RHP Reid Kidwell
Batting: RHB Cody Baker 0-0: Called Strike
0-1: Ground out 5-3 (Groundball, 5, EV 81.9 MPH)
Batting: RHB Corey Palmer 0-0: Called Strike
0-1: Foul Ball, location: 2F
0-2: Fly out, F3 (Popup, 23F, EV 86.2 MPH)
Batting: RHB Roy Hays 0-0: Swinging Strike
0-1: Foul Ball, location: 2F
0-2: Ball
1-2: Strikes out looking
Top of the 8th over - 0 runs, 0 hits, 0 errors, 0 left on base; Deer Park HS 3 - Lake Travis 0
BOTTOM OF THE 8TH
Lake Travis Captains batting - Pitching for Deer Park HS Falcons : RHP Brendan Honey
Batting: LHB Quinn Barraza 0-0: Called Strike
0-1: Foul Ball, location: 2F
0-2: SINGLE (Line Drive, 8LS, EV 90.0 MPH)
Batting: LHB Wesley Fernandez 0-0: Ball
1-0: Foul Ball, location: 2F
1-1: Ball
2-1: Foul Ball, location: 2F
2-2: Foul Ball, location: 2F
2-2: Fielders Choice at 2nd, 4-6 (Groundball, 34, EV 88.8 MPH)
Pitching: LHP Dominick Rogers
Pinch Hitting: RHB Shawn Maio 0-0: Ball
1-0: Ball
2-0: Ball
3-0: Base on Balls
Wesley Fernandez to second
Batting: RHB Scott Bolton 0-0: Called Strike
0-1: Ball
1-1: Ball
2-1: SINGLE (Line Drive, 78M, EV 106.2 MPH)
Wesley Fernandez to third
Shawn Maio to second
Batting: LHB Brendan MacLean 0-0: Fly out, F9 (Flyball, 9S, EV 80.0 MPH)
Batting: RHB Vince Sipe 0-0: Ball
1-0: Foul Ball, location: 2F
1-1: Ball
2-1: Fly out, F4 (Flyball, 34D, EV 90.6 MPH)
Bottom of the 8th over - 0 runs, 2 hits, 0 errors, 3 left on base; Deer Park HS 3 - Lake Travis 0
TOP OF THE 9TH
Deer Park HS Falcons batting - Pitching for Lake Travis Captains : RHP Reid Kidwell
Now at 1B: Dante Van Dillen
Batting: RHB Kenny Dimick 0-0: Called Strike
0-1: Hit by Pitch
Batting: RHB Kellen Brenning 0-0: Grounds into double play, 6-4-3 (Groundball, 6, EV 104.4 MPH)
Batting: LHB David Hankins 0-0: Ball
1-0: Ball
2-0: Called Strike
2-1: Swinging Strike
2-2: Foul Ball, location: 2F
2-2: Ball
3-2: Foul Ball, location: 2F
3-2: Fly out, F9 (Flyball, 9LSF, EV 90.0 MPH)
Top of the 9th over - 0 runs, 0 hits, 0 errors, 0 left on base; Deer Park HS 3 - Lake Travis 0
BOTTOM OF THE 9TH
Lake Travis Captains batting - Pitching for Deer Park HS Falcons : LHP Dominick Rogers
Pitching: LHP Chase Touchstone
Pinch Hitting: RHB Gregory Stafford 0-0: Foul Ball, location: 2F
0-1: Called Strike
0-2: Ball
1-2: Ball
2-2: Strikes out looking
Pinch Hitting: SHB Gregory Fambro 0-0: Ground out 5-3 (Groundball, 5S, EV 83.1 MPH)
Pinch Hitting: RHB Cris Geist 0-0: Ball
1-0: Ball
2-0: Ball
3-0: Base on Balls
Pinch Hitting: LHB Billie Beilfuss 0-0: Fly out, F6 (Popup, P, EV 80.6 MPH)
Bottom of the 9th over - 0 runs, 0 hits, 0 errors, 1 left on base; Deer Park HS 3 - Lake Travis 0
Wednesday, April 17th , 2024 - OOTP Baseball 23.10 Build 110